 Dungeon Crawl Stone Soup version 0.27-a0-506-g2188dfaaa0 (webtiles) character file.

Game seed: 14604271164639130506

67 Morbidden the Skirmisher (level 3, -1/29 HPs)
             Began as a Demonspawn Fighter on Mar 3, 2021.
             Slain by an adder (2 damage)
             ... on level 1 of the Dungeon.
             The game lasted 00:01:20 (798 turns).

Morbidden the Skirmisher (Demonspawn Fighter)        Turns: 798, Time: 00:01:20

Health: -1/29      AC:  6    Str: 15 (16) XL:     3   Next: 98%
Magic:  3/3        EV:  7    Int:  8 (10) God:
Gold:   61         SH:  8    Dex: 10 (12) Spells: 2/2 levels left

rFire    + . .     SeeInvis .   a - +0 long sword
rCold    + . .     Faith    .   c - +0 kite shield
rNeg     . . .     Spirit   .   b - +0 scale mail
rPois    +         Reflect  .   (no helmet)
rElec    +         Harm     .   (no cloak)
rCorr    +         Rampage  .   (no gloves)
Will     .....                  (no boots)
Stlth    ..........             (no amulet)
HPRegen  0.09/turn              (no ring)
MPRegen  0.08/turn              (no ring)

@: mighty, lethally poisoned (-1 -> -4), resistant
A: sturdy frame 1
a: no special abilities


You were on level 1 of the Dungeon.
You visited 1 branch of the dungeon, and saw 2 of its levels.

You collected 61 gold pieces.

Inventory:

Hand Weapons
 a - a +0 long sword (weapon)
Armour
 b - a +0 scale mail (worn)
 c - a +0 kite shield (worn)
Scrolls
 e - a scroll of enchant weapon {unknown}
 j - a scroll of enchant armour {unknown}
Potions
 d - a potion of might
 h - a potion of degeneration


   Skills:
 * Level 3.4 Fighting
 * Level 2.8 Long Blades
 + Level 3.0 Armour
 * Level 0.5 Dodging
 + Level 3.0 Shields


You had 2 spell levels left.
You didn't know any spells.
Your spell library was empty.

Dungeon Overview and Level Annotations

Branches:
Dungeon (2/15)

Altars:


Innate Abilities, Weirdness & Mutations

Your movements are slightly less encumbered by armour. (ER -2)


Message History

The leopard gecko bites you but does no damage.
The leopard gecko barely misses you. The worm closely misses you.
You hit the leopard gecko.
You kill the leopard gecko!
The worm bites you!
* * * LOW HITPOINT WARNING * * *
Unknown command.
An adder comes into view.
The adder hisses angrily.
A rat comes into view.
The adder bites you but does no damage.
You see here a bat corpse.
The adder barely misses you.
You riposte.
You barely miss the adder.
There is a stone staircase leading up here.
The adder bites you.
* * * LOW HITPOINT WARNING * * *
The rat closely misses you.
You climb upwards.
There is a stone staircase leading down here.
Unknown command.
Unknown command.
The adder bites you but does no damage. The adder bites you but does no damage.
You block the rat's attack.
Okay, then.
You aren't carrying any items that you can evoke.
Unknown command.
Okay, then.
You feel very mighty all of a sudden. You block the adder's attack.
Unknown command.
You completely miss the adder. The adder bites you.
* * * LOW HITPOINT WARNING * * *
You are lethally poisoned!
The adder poisons you! The adder bites you.
* * * LOW HITPOINT WARNING * * *
You slash the adder!
The adder is severely wounded.
* * * LOW HITPOINT WARNING * * *
You feel sick. The adder completely misses you. The adder bites you.
You die...

#.#.#...#.# #.#.......#
#.#.#...### #.#.#.###
##############.#.#.######
#>.......................
#..##..........#.#.....##
##...#..#########.#####.##
#......rS@................
####..#....#####.##.####....#
#.....#....#####.##...#####..
#.#...###..........).........
#.#...###............##......
#.#...##>......##....##....##
#.#.......)....##..........##
#####.###....(##..........)......
..............##.................


You could see an adder and a rat.

Vanquished Creatures
  A howler monkey (D:2)
  A leopard gecko (D:2)
  7 giant cockroaches (D:1)
  A hobgoblin (D:1)
  3 bats
  2 frilled lizards
  5 goblins
  5 kobolds (D:1)
  2 rats (D:1)
27 creatures vanquished.

Notes
Turn   | Place    | Note
-------+----------+-------------------------------------------
     0 | D:1      | Morbidden the Demonspawn Fighter began the quest for the
                  | Orb.
     0 | D:1      | Reached XP level 1. HP: 18/18 MP: 1/1
   105 | D:1      | Gained mutation: Your movements are slightly less
                  | encumbered by armour. (ER -2) [demonic ancestry]
   105 | D:1      | Reached XP level 2. HP: 22/24 MP: 2/2
   754 | D:2      | Noticed a howler monkey
   770 | D:2      | HP: 1/24 [howler monkey (2)]
   771 | D:2      | Killed a howler monkey
   772 | D:2      | Reached XP level 3. HP: 2/29 MP: 3/3
   798 | D:1      | HP: 1/29 [poisoned by an adder]
   798 | D:1      | Slain by an adder

Illustrated notes

Levels and vault maps discovered:
D:1:      dpeg_arrival_stonehenge_12_columns, layout_basic,
          minmay_worlds_worst_comb
D:2:      layout_loops_ring, old_standard_altar, uniq_robin

Skill      XL: |  1  2 |
---------------+-------+-----
Long Blades    | 2 |  2.8
Armour         | 3 |  3.0
Shields        | 3 |  3.0
Fighting       | |  3.4
Dodging        | |  0.5

Action                   || total
-------------------------++-------
Melee: Long sword        ||    75
Throw: Throwing net      ||     1
  Use: Potion            ||     5
Armor: Scale mail        ||    49
Dodge: Dodged            ||    35
Block: Kite shield       ||    47
       Rpst.: Long sword ||     9

Table legend: (Time is in decaauts)
 A = Elapsed time spent in this place.
 B = Non-inter-level travel time spent in this place.
 C = Inter-level travel time spent in this place.
 D = Time resting spent in this place.
 E = Time spent auto-exploring this place.
 F = Levels seen in this place.
 G = Mean time per level.
                   A        B        C        D        E       F      G
               +--------+--------+--------+--------+--------+-----+--------+
         Total |    838 |    808 |     30 |      0 |    593 |   2 |  419.0 |
       Dungeon |    838 |    808 |     30 |      0 |    593 |   2 |  419.0 |
               +--------+--------+--------+--------+--------+-----+--------+

Top non-repeatable levels by time:
     D:1: 760 daAuts
     D:2: 78 daAuts
